 Dungeon Crawl Stone Soup version 0.25-a0-697-g890751e (webtiles) character file.

Game seed: 1899154966849824672, levelgen mode: deterministic

91613 EternalFade the Severer (level 15, -1/144 HPs)
             Began as a Minotaur Berserker on Apr 2, 2020.
             Was a High Priest of Trog.
             Slain by Jorgrun
             ... wielding a +0 trident
              (2 damage)
             ... on level 2 of the Shoals.
             The game lasted 01:47:22 (27942 turns).

EternalFade the Severer (Minotaur Berserker)       Turns: 27942, Time: 01:47:23

Health: -1/144     AC: 29    Str: 31    XL:     15   Next: 55%
Magic:  0/14       EV: 13    Int:  4    God:    Trog [*****.]
Gold:   1479       SH:  0    Dex: 10    Spells: 14/14 levels left

rFire    . . .     SeeInvis .   v - +11 battleaxe "Fothreth" {flame, Fragile rElec Str+3}
rCold    + + .     Gourm    .   (shield currently unavailable)
rNeg     . . .     Faith    .   Q - +3 plate armour {MR+}
rPois    .         Spirit   +   (helmet restricted)
rElec    +         Reflect  .   b - +2 cloak {rC+}
rCorr    .         Harm     .   n - +0 pair of gloves
MR       ++++.                  (no boots)
Stlth    ..........             f - amulet of guardian spirit
HPRegen  1.34/turn              H - ring "Bire" {rC+ EV+2 Stlth+}
MPRegen  0.14/turn              T - +4 ring of protection

@: grasped by roots, mesmerised, regenerating, glowing, constricted, very slow
A: retaliatory headbutt, horns 2
a: Berserk, Trog's Hand, Brothers in Arms, Renounce Religion


You were on level 2 of the Shoals.
You worshipped Trog.
Trog was extremely pleased with you.
You were hungry.

You visited 6 branches of the dungeon, and saw 26 of its levels.
You visited 1 bazaar.
You also visited: Bailey and Ice Cave.

You collected 3081 gold pieces.
You spent 1602 gold pieces at shops.

Inventory:

Hand Weapons
 v - the +11 battleaxe "Fothreth" (weapon) {flame, Fragile rElec Str+3}
   (Trog gifted it to you on level 1 of the Shoals)

   It has been specially enchanted to burn those struck by it, causing extra
   injury to most foes and up to half again as much damage against particularly
   susceptible opponents.
   Big, fiery blades are also staple armaments of hydra-hunters.
   It affects your strength (+3).
   It insulates you from electricity.
   It will be destroyed if unequipped.
 B - the +7 executioner's axe of Brutal Revenge {vorpal, rC+ Str+4}
   (Trog gifted it to you on level 1 of the Orcish Mines)

   It inflicts extra damage upon your enemies.
   It affects your strength (+4).
   It protects you from cold.
 U - a +2 battleaxe
   (Trog gifted it to you on level 11 of the Dungeon)
Missiles
 m - 93 poisoned darts (quivered)
 o - 4 throwing nets {!f}
 y - 34 boomerangs
Armour
 b - a +2 cloak of cold resistance (worn)
   (You found it in an ice cave)
 n - a +0 pair of gloves (worn)
   (You found it on level 1 of the Dungeon)
 E - a +0 leather armour of poison resistance
   (You took it off an orc on level 6 of the Dungeon)
 J - a +0 plate armour of fire resistance
   (You took it off an orc warrior on level 13 of the Dungeon)
 M - a +0 buckler of cold resistance
   (You found it in an ice cave)
 Q - a +3 plate armour of magic resistance (worn)
   (You took it off a vault guard on level 11 of the Dungeon)
 V - the +7 ring mail of Gluttony {rElec Dex+2}
   (You found it on level 11 of the Dungeon)

   It affects your dexterity (+2).
   It insulates you from electricity.
Jewellery
 f - an amulet of guardian spirit (around neck)
   (You found it on level 2 of the Lair of Beasts)
 t - an uncursed ring of positive energy
   (You found it on level 2 of the Shoals)
 z - an uncursed ring of see invisible
   (You found it on level 7 of the Dungeon)
 H - the ring "Bire" (left hand) {rC+ EV+2 Stlth+}
   (You found it on level 6 of the Dungeon)

   [ring of evasion]

   It affects your evasion (+2).
   It protects you from cold.
   It makes you more stealthy.
 L - an uncursed ring of flight
   (You found it on level 3 of the Lair of Beasts)
 T - a +4 ring of protection (right hand)
   (You found it on level 9 of the Dungeon)
Wands
 c - a wand of disintegration (9) {!d}
   (You found it on level 11 of the Dungeon)
 d - a wand of polymorph (27)
   (You found it on level 4 of the Dungeon)
 u - a wand of paralysis (24)
   (You bought it in a shop in a bazaar)
 x - a wand of acid (8)
   (You bought it in a shop in a bazaar)
 C - a wand of enslavement (8)
   (You found it on level 8 of the Dungeon)
 W - a wand of scattershot (17)
   (You found it on level 7 of the Dungeon)
Scrolls
 k - 6 scrolls of identify {@r1}
 l - 2 scrolls of enchant weapon
 s - 5 scrolls of fog
 w - 5 scrolls of teleportation {@r4}
 A - 4 scrolls of immolation {!r}
 F - 3 scrolls of blinking
 G - 6 scrolls of remove curse {@r2}
 I - a scroll of enchant armour
 O - a scroll of vulnerability {!r}
 P - a scroll of fear
Potions
 a - a potion of flight
 g - 4 potions of brilliance
 h - 6 potions of haste {@q3}
 i - 2 potions of heal wounds {@q2}
 j - 14 potions of curing {@q1}
 D - a potion of might
 K - a potion of magic
 N - 3 potions of cancellation
 R - a potion of lignification {!q}
 S - a potion of berserk rage
 X - a potion of ambrosia
 Y - a potion of resistance
Miscellaneous
 p - a box of beasts
 q - 2 tins of tremorstones
 Z - a phantom mirror
Comestibles
 e - 28 rations {!d}
 r - a chunk of flesh


   Skills:
 + Level 16.1 Fighting
 * Level 16.9 Axes
 + Level 15.9 Armour
 + Level 14.8 Dodging
 - Level 4.0 Shields


You had 14 spell levels left.
You didn't know any spells.
Your spell library was empty.

Dungeon Overview and Level Annotations

Branches:
Dungeon (14/15)            Temple (1/1) D:4            Lair (6/6) D:10
 Shoals (2/4) Lair:2       Spider (0/4) Lair:3        Slime (1/5) Lair:5
    Orc (2/2) D:11            Elf (0/3) Orc:2        Vaults (0/5) D:14
 Bailey (visited)           IceCv (visited)

Altars:
Ashenzari
Cheibriados
Dithmenos
Elyvilon
Fedhas
Gozag
Hepliaklqana
Kikubaaqudgha
Makhleb
Nemelex Xobeh
Okawaru
Qazlal
Ru
Sif Muna
Trog
Uskayaw
Vehumet
Wu Jian
Xom
Yredelemnul
Zin
The Shining One
Beogh
Jiyva

Shops:
Orc:2 ([((

Portals:
Trove: D:11 (give 4 potions of resistance)

Annotations:
Lair:4 exclusion: 2 oklob plants
Lair:5 1 runed translucent door, exclusion: door, Nofuf's ghost, journeyman FoBe
Shoals:2 Jorgrun
Orc:1 2 runed translucent doors, exclusion: orange crystal statue


Innate Abilities, Weirdness & Mutations

You reflexively headbutt those who attack you in melee.
You have a pair of horns on your head.


Message History

The merfolk aquamancer casts a spell at you.
The shard of ice hits you!! You partially resist.
* * * LOW HITPOINT WARNING * * *
The snapping turtle bites you but does no damage.
The merfolk avatar chants its luring song.
You feel much better.
The pull of its song draws you forwards. x2
* * * LOW HITPOINT WARNING * * *
The grasping roots constrict you! The water elemental closely misses you.
The merfolk avatar chants its luring song.
The merfolk aquamancer hits you but does no damage.
The snapping turtle closely misses you.
The alligator snapping turtle bites you from afar!
* * * LOW HITPOINT WARNING * * *
The water elemental is engulfed in a cloud of scalding steam.
The merfolk avatar chants its luring song.
You feel much better.
The sentinel's mark upon you fades away.
The water elemental hits you.
The water elemental is engulfed in a cloud of scalding steam.
The merfolk avatar chants its luring song.
The snapping turtle barely misses you.
The merfolk aquamancer hits you but does no damage.
Jorgrun hits you from afar with a +0 trident!
* * * LOW HITPOINT WARNING * * *
The grasping roots constrict you.
The alligator snapping turtle bites you from afar!!!
* * * LOW HITPOINT WARNING * * *
The merfolk avatar chants its luring song.
Okay, then.
Blink to where?
You cannot blink away from the merfolk avatar!
Blink to where?
Okay, then.
You feel much better.
The pull of its song draws you forwards.
The water elemental hits you!
* * * LOW HITPOINT WARNING * * *
The faun unwields a +0 hunting sling.
The faun wields a +0 spear.
The faun hits you but does no damage.
The snapping turtle bites you from afar!
* * * LOW HITPOINT WARNING * * *
The merfolk avatar chants its luring song.
The water elemental barely misses you. You furiously retaliate!
You headbutt the water elemental.
The merfolk aquamancer points at you and mumbles some strange words.
The ball of steam hits you!
* * * LOW HITPOINT WARNING * * *
Jorgrun hits you from afar with a +0 trident.
You die...

....≈≈.....≈≈≈≈≈≈..#
≈...≈≈[.##.≈≈≈≈≈..#
....≈≈.###≈≈≈≈≈..#
.....≈≈≈..≈≈≈≈≈.## ##
...#.≈≈≈≈..≈≈≈.## ##..
...##..≈≈≈m≈≈≈.# ##... ..
....≈≈≈≈≈≈t.###### ##.≈≈≈
...≈≈≈≈≈Em≈≈.#...###.≈≈≈≈
...≈≈≈t≈@c≈†≈≈[≈≈...[≈≈≈≈
.≈≈≈≈≈g§≈E≈≈≈≈≈≈≈≈...≈≈≈≈
≈≈≈≈≈§≈≈m≈≈≈≈≈≈≈"....≈≈≈
≈≈≈≈≈≈≈≈≈≈≈≈≈≈≈≈..###..≈
≈≈≈≈≈≈≈≈≈≈≈≈≈≈≈≈./# #..≈
≈≈≈≈≈≈≈≈≈≈≈≈≈≈≈≈≈.# .≈≈
≈≈≈≈≈≈≈≈≈≈≈≈≈≈≈≈≈≈.. ≈≈.
≈≈≈≈≈≈≈≈≈≈≈≈≈≈≈≈≈≈.≈ .
≈≈≈≈≈≈≈≈≈≈≈≈≈≈≈≈≈≈


You could see an alligator snapping turtle, Jorgrun, 2 merfolk avatars, a
merfolk aquamancer, a snapping turtle, a faun and 2 water elementals.

Vanquished Creatures
  A dire elephant (Lair:6)
  Snorg (D:13)
  Josephine (D:13)
  3 merfolk impalers (Shoals:1)
  Fannar (D:11)
  A catoblepas (Lair:6)
  A vault guard (D:11)
  5 hydras
  2 centaur warriors
  Erica (Lair:2)
  A merfolk aquamancer (Shoals:1)
  2 two-headed ogres
  A merfolk avatar (Shoals:1)
  4 death yaks (Lair:6)
  A deep troll shaman (Lair:6)
  The ghost of YayAnonymity the Carver, a novice MiGl of Wu Jian (D:7)
  2 tengu warriors (D:14)
  A fire crab (Lair:6)
  Nergalle (D:12)
  5 sea snakes
  4 lindwurms (D:11)
  8 orc knights
  13 harpies (Shoals:1)
  A wolf spider (Lair:3)
  6 fauns (Shoals:1)
  The ghost of MisterAzrael the Spear-Bearer, a novice MfSk of Okawaru (D:7)
  4 cyclopes
  3 manticores
  2 ugly things
  2 black mambas (Lair:5)
  A moth of wrath (shapeshifter) (D:14)
  6 elephants (Lair:6)
  2 ice statues (IceCv)
  3 merfolk sirens (Shoals:1)
  2 torpor snails (Lair:2)
  Maggie (Lair:2)
  14 spiny frogs
  7 komodo dragons
  2 tengu conjurers (D:14)
  8 ice devils (IceCv)
  5 trolls
  8 merfolk (Shoals:1)
  2 polar bears
  A jumping spider (shapeshifter) (D:13)
  3 hornets
  21 blink frogs
  A blink frog (shapeshifter) (D:14)
  4 dream sheep
  8 hippogriffs
  A snapping turtle (Shoals:1)
  Sigmund (D:5)
  A spriggan (Lair:6)
  24 yaks
  4 water elementals
  3 wraiths (D:13)
  4 wyverns
  A basilisk (Lair:6)
  A tarantella (shapeshifter) (D:14)
  A hog (shapeshifter) (D:13)
  A golden eye (shapeshifter) (D:14)
  4 hungry ghosts
  A soldier ant (D:10)
  9 wargs
  An acid dragon (D:13)
  13 water moccasins
  4 porcupines
  Duvessa (D:6)
  2 black bears
  32 orc warriors
  A sky beast (D:9)
  11 ice beasts
  6 ogres
  6 necrophages
  A phantom (D:4)
  45 wolves
  7 centaurs
  Blork the orc (D:6)
  11 crocodiles
  19 bullfrogs
  6 scorpions
  A hornet simulacrum (D:14)
  Dowan (D:6)
  9 killer bees
  8 wights
  4 howler monkeys
  An electric eel (D:12)
  5 crimson imps
  A centaur zombie (D:10)
  6 hounds
  3 bullfrog zombies
  4 jellies
  A quasit (D:3)
  12 orc priests
  12 orc wizards
  A bullfrog skeleton (D:3)
  5 centaur skeletons
  5 iguanas
  9 worker ants
  4 hell rats (Lair:3)
  A killer bee zombie (D:10)
  3 hound skeletons
  2 worker ant zombies
  8 gnolls
  A howler monkey skeleton (D:9)
  10 adders
  4 shadow imps
  10 white imps (IceCv)
  5 oozes (D:8)
  7 ufetubi (IceCv)
  3 worms
  2 dart slugs
  8 leopard geckos
  101 orcs
  9 bats
  7 giant cockroaches
  11 goblins
  11 hobgoblins
  15 jackals
  2 quokkas
  3 ball pythons
  2 frilled lizards
  18 kobolds
  6 rats
  A bush (Lair:6)
  2 fungi (Lair:2)
  10 plants
756 creatures vanquished.

Vanquished Creatures (collateral kills)
  A hydra (D:12)
  3 orc warriors
  A killer bee (D:11)
  3 orc priests
  3 orcs
  A hobgoblin (D:11)
12 creatures vanquished.

Vanquished Creatures (others)
  A reaper (IceCv)
  An orc wizard (Orc:1)
  4 white imps (IceCv)
  2 ufetubi (IceCv)
  7 fungi (Lair:6)
  21 plants
36 creatures vanquished.

Grand Total: 804 creatures vanquished

Notes
Turn   | Place    | Note
-------+----------+-------------------------------------------
     0 | D:1      | EternalFade the Minotaur Berserker began the quest for the
                  | Orb.
     0 | D:1      | Reached XP level 1. HP: 19/19 MP: 0/0
   152 | D:1      | Reached XP level 2. HP: 21/27 MP: 1/1
   365 | D:1      | Reached XP level 3. HP: 23/33 MP: 2/2
  1008 | D:2      | Reached ** piety under Trog
  1167 | D:2      | Reached XP level 4. HP: 30/41 MP: 3/3
  1780 | D:3      | Reached XP level 5. HP: 39/47 MP: 4/4
  1787 | D:3      | Reached *** piety under Trog
  2180 | D:3      | Reached skill level 5 in Fighting
  2180 | D:3      | Reached skill level 5 in Axes
  2643 | D:4      | Reached XP level 6. HP: 50/56 MP: 5/5
  2870 | D:4      | Found a staircase to the Ecumenical Temple,
  2914 | Temple   | Entered the Ecumenical Temple
  3373 | D:4      | Noticed a hippogriff
  3380 | D:4      | Killed a hippogriff
  3380 | D:4      | Reached skill level 5 in Armour
  3380 | D:4      | Reached XP level 7. HP: 62/62 MP: 6/6
  3502 | D:5      | Entered Level 5 of the Dungeon
  3951 | D:5      | Noticed Sigmund
  3959 | D:5      | Killed Sigmund
  3959 | D:5      | Reached skill level 5 in Dodging
  4434 | D:6      | Reached XP level 8. HP: 58/71 MP: 7/7
  4449 | D:6      | Found an ancient bone altar of Kikubaaqudgha,
  4530 | D:6      | Noticed Blork the orc
  4540 | D:6      | Killed Blork the orc
  4614 | D:6      | Reached **** piety under Trog
  4783 | D:6      | Noticed Duvessa
  4786 | D:6      | Noticed Dowan
  4789 | D:6      | Killed Duvessa
  4798 | D:6      | Killed Dowan
  4999 | D:6      | Got a warped marble ring
  5071 | D:6      | Identified the ring "Bire" {rC+ EV+2 Stlth+} (You found it
                  | on level 6 of the Dungeon)
  5252 | D:7      | Reached XP level 9. HP: 62/81 MP: 8/8
  5565 | D:7      | Paralysed by a hornet for 3 turns
  5573 | D:7      | Paralysed by a hornet for 2 turns
  6075 | D:7      | Found a runed translucent gate,
  6075 | D:7      | Found a runed translucent gate,
  6075 | D:7      | Noticed MisterAzrael's ghost (novice MfSk)
  6104 | D:7      | Noticed YayAnonymity's ghost (novice MiGl)
  6105 | D:7      | Found a runed translucent gate,
  6810 | D:8      | Got a translucent flail
  7055 | D:8      | Noticed a two-headed ogre
  7186 | D:8      | Killed a two-headed ogre
  7186 | D:8      | Reached XP level 10. HP: 91/91 MP: 9/9
  7413 | D:9      | Identified the +5 flail "Suczaokh" {pain, rF+ Str+7} (You
                  | found it on level 8 of the Dungeon)
  7593 | D:9      | Found a blossoming altar of Fedhas,
  8452 | D:10     | Entered Level 10 of the Dungeon
  8537 | D:10     | Reached skill level 10 in Axes
  8543 | D:10     | Reached skill level 10 in Fighting
  8668 | D:10     | Reached ***** piety under Trog
  8668 | D:10     | Received a gift from Trog
  8742 | D:10     | Noticed a purple ugly thing
  8751 | D:10     | Killed a purple ugly thing
  8998 | D:10     | Found a staircase to the Lair,
  9049 | D:10     | Reached skill level 10 in Armour
  9483 | D:10     | You fall into a shaft and drop 2 floors!
  9485 | D:12     | Noticed a seven-headed hydra
  9495 | D:12     | Killed a six-headed hydra
  9495 | D:12     | Reached XP level 11. HP: 91/101 MP: 10/10
  9771 | D:12     | Noticed Nergalle
  9773 | D:11     | Noticed Fannar
  9773 | D:11     | Noticed a centaur warrior
  9782 | D:11     | Killed a centaur warrior
  9782 | D:11     | Killed Fannar
  9782 | D:11     | Reached skill level 10 in Dodging
  9798 | D:11     | Found a staircase to the Orcish Mines,
  9967 | D:11     | Noticed a vault guard
  9984 | D:11     | Killed a vault guard
 10195 | D:11     | Found a flagged portal,
 10202 | Bailey   | Entered a bailey
 10765 | D:11     | Noticed a lindwurm
 10765 | D:11     | Noticed a lindwurm
 10811 | D:11     | Noticed a white ugly thing
 10818 | D:11     | Killed a white ugly thing
 10830 | D:11     | Found a bloodstained altar of Trog,
 10982 | D:11     | Received a gift from Trog
 11125 | D:11     | Found a portal to a secret trove of treasure,
 11146 | D:11     | Noticed a lindwurm
 11277 | D:11     | Noticed a lindwurm
 11458 | Lair:1   | Entered Level 1 of the Lair of Beasts
 12373 | Lair:2   | Noticed Maggie
 12384 | Lair:2   | Killed Maggie
 12384 | Lair:2   | Reached XP level 12. HP: 112/112 MP: 11/11
 12557 | Lair:2   | Found a staircase to the Shoals,
 13394 | Lair:2   | Noticed Erica
 13408 | Lair:2   | Killed Erica
 13560 | Lair:3   | Found a frozen archway,
 13590 | IceCv    | Entered an ice cave
 13664 | IceCv    | Killed a reaper
 14419 | IceCv    | Got faintly humming ice dragon scales
 14609 | Lair:3   | Identified the +1 ice dragon scales "Xeohium" {rElec rF-
                  | rC++} (You found it in an ice cave)
 14827 | Lair:3   | Reached skill level 1 in Shields
 14867 | Lair:3   | Received a gift from Trog
 15096 | Lair:3   | Found a hole to the Spider Nest,
 15911 | Lair:4   | Reached XP level 13. HP: 122/122 MP: 12/12
 17078 | Lair:5   | Found a runed translucent door,
 17080 | Lair:5   | Noticed Nofuf's ghost (journeyman FoBe)
 17330 | Lair:5   | Found a staircase to the Slime Pits,
 17330 | Lair:5   | Found a viscous altar of Jiyva,
 17680 | Lair:6   | Entered Level 6 of the Lair of Beasts
 17703 | Lair:6   | Received a gift from Trog
 18068 | Slime:1  | Entered Level 1 of the Pits of Slime
 18068 | Slime:1  | Noticed an azure jelly
 18068 | Slime:1  | Noticed an acid blob
 18068 | Slime:1  | Noticed an acid blob
 19541 | Orc:1    | Entered Level 1 of the Orcish Mines
 19546 | Orc:1    | Reached XP level 14. HP: 133/133 MP: 13/13
 19663 | Orc:1    | Found a runed translucent door,
 19669 | Orc:1    | Found the +10 tower shield of Ignorance {rN+ Int-4}
 19830 | Orc:1    | Found a runed translucent door,
 20162 | D:7      | Killed YayAnonymity's ghost
 20166 | D:7      | Killed MisterAzrael's ghost
 20311 | Orc:2    | Entered Level 2 of the Orcish Mines
 20766 | Orc:2    | Found a flickering gateway to a bazaar,
 20801 | Bazaar   | Entered a bazaar
 20920 | Bazaar   | Found Xucasiu's Book Boutique,
 20924 | Bazaar   | Found Fuock's Book Boutique,
 20924 | Bazaar   | Found Vairr's Book Boutique,
 20925 | Bazaar   | Found Fohea's Gadget Boutique,
 20966 | Bazaar   | Bought a wand of acid (8) for 432 gold pieces
 20966 | Bazaar   | Bought a box of beasts for 360 gold pieces
 20966 | Bazaar   | Bought a wand of paralysis (13) for 270 gold pieces
 20966 | Bazaar   | Bought a tin of tremorstones for 270 gold pieces
 20966 | Bazaar   | Bought a tin of tremorstones for 270 gold pieces
 21192 | Orc:2    | Found Ekaca's Antique Armour Shop,
 21192 | Orc:2    | Found Wesiak's Weapon Emporium,
 21417 | Orc:1    | Received a gift from Trog
 21418 | Orc:1    | Got an ichor-stained executioner's axe {god gift}
 21419 | Orc:1    | Identified the +7 executioner's axe of Brutal Revenge
                  | {vorpal, rC+ Str+4} (Trog gifted it to you on level 1 of
                  | the Orcish Mines)
 21744 | Orc:2    | Found a roughly hewn altar of Beogh,
 21768 | Orc:2    | Found Meotz's Weapon Shop,
 21768 | Orc:2    | Found Pihuewae's Weapon Emporium,
 22065 | Orc:2    | Found a staircase to the Elven Halls,
 22492 | Lair:6   | Reached skill level 15 in Axes
 22516 | Lair:6   | Reached skill level 15 in Fighting
 23044 | Lair:6   | Identified the cursed +2 falchion of the Pits of Slime
                  | {vorpal, rElec} (You found it on level 6 of the Lair of
                  | Beasts)
 23495 | D:12     | Killed Nergalle
 23726 | D:12     | Reached skill level 15 in Armour
 24105 | D:11     | Got a transparent ring mail
 24121 | D:11     | Identified the +7 ring mail of Gluttony {rElec Dex+2} (You
                  | found it on level 11 of the Dungeon)
 24422 | D:13     | Received a gift from Trog
 24763 | D:13     | Noticed Snorg
 24774 | D:13     | Killed Snorg
 24840 | D:13     | Noticed Josephine
 24848 | D:13     | Killed Josephine
 25130 | D:14     | Found a gate to the Vaults,
 25332 | D:14     | Received a gift from Trog
 25617 | D:14     | Reached XP level 15. HP: 141/141 MP: 14/14
 26025 | Shoals:1 | Entered Level 1 of the Shoals
 27172 | Shoals:1 | Received a gift from Trog
 27275 | Shoals:1 | Got a crystal battleaxe {god gift}
 27277 | Shoals:1 | Identified the +11 battleaxe "Fothreth" {flame, Fragile
                  | rElec Str+3} (Trog gifted it to you on level 1 of the
                  | Shoals)
 27933 | Shoals:2 | Noticed Jorgrun
 27942 | Shoals:2 | HP: 1/144 [merfolk aquamancer/ball of steam (11)]
 27942 | Shoals:2 | Slain by Jorgrun

Levels and vault maps discovered:
D:1:      heliophobic_arrival_henge, layout_basic, minmay_vboxes
D:2:      layout_rooms
D:3:      layout_basic, first_ration
D:4:      layout_gridville, minmay_temple_entry_gardened_gates
D:5:      layout_cave_pools, uniq_sigmund
D:6:      layout_gridville, basic_altar, uniq_blork_the_orc, uniq_duvessa
D:7:      layout_rooms, gammafunk_ghost_cemetery
D:8:      layout_basic, hangedman_little_slice_of_home,
          minmay_misc_feat_secret_circle
D:9:      layout_roguey, fedhas_bush_and_centaur_altar, serial_curves,
          eino_curves_02, eino_curves_01
D:10:     layout_loops_corners, dpeg_oklobed_lair,
          chequers_serial_rivers_micro_c, minmay_misc_feat_diagonals
D:11:     layout_cave_pods, erik_orc_4, basic_altar, enter_trove_5,
          enter_bailey_2, minmay_lindwurm_lava, uniq_fannar
D:12:     layout_stronghold, kennysheep_opposing_triangles, uniq_nergalle
D:13:     layout_roguey, uniq_josephine, uniq_snorg
D:14:     layout_small_grid, david_vaults_2
Temple:   minmay_crystal_snake_temple
Lair:1:   layout_big_grid, minmay_holes, infiniplex_staircase_pool_2
Lair:2:   layout_chaotic_city, minmay_shoals_entry_centaurs, uniq_erica,
          uniq_maggie
Lair:3:   layout_small_grid, spider_nest_entry_rubble,
          portal_ice_cave_entry_ice_beasts
Lair:4:   layout_regular_city, lemuel_fruit_tree, grunt_megastairs_1,
          minmay_lair_oklob_chamber
Lair:5:   layout_small_grid, slime_altar_1, ebering_ghost_reflecting_pool,
          st_stairs_12
Lair:6:   grunt_lair_end_beastmaster, layout_regular_city,
          grunt_forest_large_clearings, lemuel_fruit_fields
Shoals:1: layout_shoals, nicolae_shoals_mertower
Shoals:2: layout_shoals, uniq_jorgrun
Slime:1:  layout_caves, basic_altar
Orc:1:    layout_caves, chequers_guarded_unrand_ignorance
Orc:2:    st_orc_town, layout_caves, serial_shops, bzr_entry_lakeside

Skill      XL: |  1  2  3  4  5  6  7  8  9 10 11 12 13 14 15 |
---------------+----------------------------------------------+-----
Fighting       | 4 5 6 7 9 10 12 13 14 15 16 | 16.1
Axes           | 4 5 6 7 9 10 12 13 14 15 16 | 16.9
Armour         | 3 4 5 6 7 9 10 11 13 14 15 | 15.9
Dodging        | 3 4 5 6 8 9 10 12 13 14 | 14.8
Shields        | 4 |  4.0

Action                   |  1- 3 |  4- 6 |  7- 9 | 10-12 | 13-15 || total
-------------------------+-------+-------+-------+-------+-------++-------
Melee: Hand axe          |    55 |   140 |   275 |   116 |       ||   586
       Headbutt          |     9 |    15 |    57 |   129 |   187 ||   397
       War axe           |       |       |    49 |       |       ||    49
       Battleaxe         |       |       |       |   470 |   883 ||  1353
 Fire: Shortbow          |       |       |     3 |       |       ||     3
Throw: Dart              |       |     1 |    16 |     3 |    13 ||    33
       Throwing net      |       |       |     1 |       |       ||     1
       Stone             |       |       |       |     6 |       ||     6
       Boomerang         |       |       |       |    51 |       ||    51
Invok: Berserk           |     1 |     2 |     5 |     2 |     6 ||    16
       Trog's Hand       |       |     1 |     3 |     4 |     7 ||    15
       Brothers in Arms  |       |       |       |     2 |     1 ||     3
 Abil: Evoke Flight      |       |       |       |       |     1 ||     1
  Use: Scroll            |       |     5 |     4 |    12 |    15 ||    36
       Potion            |       |       |       |       |     4 ||     4
 Stab: Sleeping          |       |       |     5 |     1 |       ||     6
       Petrified         |       |       |       |       |     4 ||     4
  Eat: Chunk             |     1 |     7 |    18 |    26 |    30 ||    82
       Ration            |       |     1 |     1 |     3 |     5 ||    10
Armor: Animal skin       |     9 |    16 |       |       |       ||    25
       Scale mail        |       |     7 |       |       |       ||     7
       Leather armour    |       |     4 |    58 |    24 |       ||    86
       Plate armour      |       |       |       |   313 |   711 ||  1024
Dodge: Dodged            |    38 |    84 |   240 |   548 |   995 ||  1905

Table legend:
 A = Non-vault XP
 B = Vault XP
 C = Vault XP percentage of total XP
 D = Non-vault monster count
 E = Vault monster count
 F = Vault count percentage of total count
                 A         B        C        D         E       F
            +---------+---------+-------+---------+---------+-------
      Total |   84065 |   46811 |  35.8 |     511 |     245 |  32.4
            +---------+---------+-------+---------+---------+-------
        D:1 |      26 |      19 |  42.2 |      13 |       4 |  23.5
        D:2 |      78 |       0 |   0.0 |      22 |       0 |   0.0
        D:3 |     219 |       0 |   0.0 |      31 |       0 |   0.0
        D:4 |     498 |       0 |   0.0 |      11 |       0 |   0.0
        D:5 |     337 |     220 |  39.5 |      31 |       1 |   3.1
        D:6 |     662 |     311 |  32.0 |      20 |       3 |  13.0
        D:7 |    1403 |    1421 |  50.3 |      16 |       2 |  11.1
        D:8 |    1687 |     163 |   8.8 |      24 |       8 |  25.0
        D:9 |    1596 |     108 |   6.3 |      16 |       1 |   5.9
       D:10 |    3244 |       0 |   0.0 |      30 |       0 |   0.0
       D:11 |    2573 |    5023 |  66.1 |      27 |      22 |  44.9
       D:12 |    2043 |    1674 |  45.0 |      11 |       5 |  31.2
       D:13 |    4571 |    2858 |  38.5 |      40 |       5 |  11.1
       D:14 |    5315 |     933 |  14.9 |      15 |       3 |  16.7
     Lair:1 |    3973 |       0 |   0.0 |      23 |       0 |   0.0
     Lair:2 |    5162 |    1664 |  24.4 |      17 |       5 |  22.7
     Lair:3 |    4092 |    1648 |  28.7 |      23 |       9 |  28.1
     Lair:4 |    4663 |     498 |   9.6 |      14 |       2 |  12.5
     Lair:5 |    7041 |     778 |  10.0 |      19 |       4 |  17.4
     Lair:6 |   11330 |   13173 |  53.8 |      37 |      50 |  57.5
   Shoals:1 |   20504 |    2733 |  11.8 |      39 |       4 |   9.3
   Shoals:2 |    1512 |       0 |   0.0 |       3 |       0 |   0.0
      Orc:1 |     891 |     803 |  47.4 |      17 |       2 |  10.5
      Orc:2 |     645 |    8321 |  92.8 |      12 |      56 |  82.4
     Bailey |       0 |     638 | 100.0 |       0 |      32 | 100.0
      IceCv |       0 |    3825 | 100.0 |       0 |      27 | 100.0
            +---------+---------+-------+---------+---------+-------
